 Dungeon Crawl Stone Soup version 0.31.0-7-gf635a9b802 (webtiles) character file.

Game seed: 13895725131469181764

79 stipulation the Ruffian (level 4, -23/38 HPs)
             Began as a Ghoul Monk on Jan 24, 2024.
             Annihilated by an ogre
             ... wielding a +0 giant spiked club
              (24 damage)
             ... on level 4 of the Dungeon.
             The game lasted 00:01:07 (2173 turns).

stipulation the Ruffian (Ghoul Monk)                Turns: 2173, Time: 00:01:07

Health: -23/38     AC:  8    Str: 16    XL:     4   Next: 37%
Magic:  4/4        EV:  7    Int:  9    God:
Gold:   280        SH:  0    Dex: 11    Spells: 3/3 levels left

rFire   . .          .
                       - Unarmed
rCold   + . .        c - orb {light}
rNeg    + + +        o - +0 chain mail
rPois   ∞            (no helmet)
rElec   .            (no cloak)
rCorr   .            (no gloves)
SInv    .            (no boots)
Will    .....        (no amulet) Stlth
                     (no ring)
HPRegen 0.00/turn    (no ring)
MPRegen 0.09/turn

%: no passive effects
@: inhibited regen, glowing
A: claws 1, cold resistance 1, negative energy resistance 3, inhibited
regeneration, torment resistance 2, devour on kill
a: no special abilities


You were on level 4 of the Dungeon.
You visited 1 branch of the dungeon, and saw 4 of its levels.

You collected 280 gold pieces.

Inventory:

Armour
 a - a +0 robe
 c - an orb of light (worn)
 o - a +0 chain mail (worn)
Scrolls
 d - 4 scrolls of identify {unknown}
 f - a scroll of immolation {unknown}
 g - a scroll of fear {unknown}
 h - 3 scrolls of teleportation {unknown}
 i - 2 scrolls of enchant armour {unknown}
 j - a scroll of enchant weapon {unknown}
 k - a scroll of vulnerability {unknown}
 l - a scroll of amnesia {unknown}
 n - a scroll of poison {unknown}
Potions
 b - a potion of ambrosia
 e - a potion of invisibility {unknown}
 m - a potion of attraction {unknown}


   Skills:
 - Level 3.2 Fighting
 - Level 2.6 Dodging
 + Level 5.5 Unarmed Combat


You had 3 spell levels left.
You didn't know any spells.
Your spell library contained the following spells:

 Spells                   Type           Power      Damage    Failure   Level
 Apportation              Tloc           0%         N/A       99%         1
 Magic Dart               Conj           0%         1d3       99%         1
 Necrotise                Necr           0%         1d4       99%         1
 Slow                     Hex            0%         N/A       99%         1
 Sting                    Conj/Alch      0%         1d3       99%         1
 Summon Small Mammal      Summ           0%         N/A       99%         1
 Searing Ray              Conj           0%         2d4       100%        2
 Confusing Touch          Hex            0%         N/A       100%        3
 Sigil of Binding         Hex            0%         N/A       100%        3
 Vampiric Draining        Necr           0%         2d6       100%        3
 Fulminant Prism          Conj/Alch      0%         3d5       100%        4


Dungeon Overview and Level Annotations

Branches:
Dungeon (4/15)
 Temple: D:4-7

Altars:
Kikubaaqudgha
Nemelex Xobeh
Vehumet


Innate Abilities, Weirdness & Mutations

You are immune to poison.
You have sharp fingernails.
Your flesh is cold resistant. (rC+)
You are immune to negative energy. (rN+++)
You do not regenerate when monsters are visible.
You are immune to unholy pain and torment.
You thrive by killing the living.


Message History

Search for what [? for help]? chain You see here a +0 chain mail.
o - a +0 chain mail You start removing your armour.
You continue taking off your +0 robe. x4
You finish taking off your +0 robe.
You start putting on your armour.
You continue putting on your +0 chain mail. x5
You finish putting on your +0 chain mail.
An ogre comes into view. It is wielding a +0 giant spiked club.
An ogre is nearby!
The ogre hits you with a +0 giant spiked club!
You are too injured to fight recklessly!
You are too injured to fight recklessly!
You are too injured to fight recklessly!
You are too injured to fight recklessly!
You are too injured to fight recklessly!
You are too injured to fight recklessly!
You are too injured to fight recklessly!
You are too injured to fight recklessly!
You are too injured to fight recklessly!
You are too injured to fight recklessly!
You are too injured to fight recklessly!
You are too injured to fight recklessly!
You are too injured to fight recklessly!
You are too injured to fight recklessly!
You are too injured to fight recklessly!
You are too injured to fight recklessly!
You are too injured to fight recklessly!
You claw the ogre!
The ogre is moderately wounded.
You scratch the ogre.
The ogre is heavily wounded.
The ogre hits you with a +0 giant spiked club!!
Ouch! That really hurt!
* * * LOW HITPOINT WARNING * * *
You claw the ogre!
The ogre is almost dead.
The ogre hits you with a +0 giant spiked club!!
Ouch! That really hurt!
You die...

##. .................
...# #.. ##......<....
#..# #.. #............
#.. #.# .#..........
#.(##.# .##.........
#####....#
..###........
........†##.# ###.#####
#.....O....#### #....##
#.....@........#####..#
#.........####....###.#
#...............#.###.#
######.########........
##..........##...#...#
##............#.#####..
#...............# ###
#..............## #
#..............# #


You could see an ogre.

Vanquished Creatures
  2 adders (D:2)
  2 ribbon worms (D:3)
  A dart slug (D:2)
  5 bats
  5 endoplasms
  5 giant cockroaches
  5 goblins
  3 hobgoblins
  3 jackals (D:1)
  A quokka (D:2)
  6 ball pythons
  3 frilled lizards
  6 kobolds
  5 rats
52 creatures vanquished.

Notes
Turn   | Place    | Note
-------+----------+-------------------------------------------
     0 | D:1      | stipulation the Ghoul Monk began the quest for the Orb.
     0 | D:1      | Reached XP level 1. HP: 19/19 MP: 1/1
   180 | D:1      | Reached XP level 2. HP: 25/26 MP: 2/2
   234 | D:1      | Reached skill level 4 in Unarmed Combat
   359 | D:1      | Found a faded altar of an unknown god.
   848 | D:1      | Reached XP level 3. HP: 31/31 MP: 3/3
  1090 | D:2      | Reached skill level 5 in Unarmed Combat
  1409 | D:2      | Reached XP level 4. HP: 38/38 MP: 4/4
  1900 | D:3      | Found an ancient bone altar of Kikubaaqudgha.
  2000 | D:3      | Found a sparkling altar of Nemelex Xobeh.
  2001 | D:3      | Found a radiant altar of Vehumet.
  2167 | D:4      | Noticed an ogre
  2172 | D:4      | HP: 1/38 [ogre/+0 giant spiked club (25)]
  2173 | D:4      | Annihilated by an ogre

Illustrated notes

Levels and vault maps discovered:
D:1:      nicolae_arrival_washed_ashore, layout_loops_corners,
          shapermc_ecumenical_altar_notcrosses
D:2:      layout_loops_ring
D:3:      layout_rooms, amcnicky_altar_gilded, minitemple
D:4:      layout_rooms

Skill      XL: |  1  2  3 |
---------------+----------+-----
Unarmed Combat | 4 5 |  5.5
Fighting       | |  3.2
Dodging        | |  2.6

Action                     |  1- 3 |  4- 6 || total
---------------------------+-------+-------++-------
  Melee: Unarmed           |    91 |    43 ||   134
 Armour: Robe              |    43 |    14 ||    57
         Chain mail        |       |     3 ||     3
  Dodge: Dodged            |    48 |    19 ||    67
